Get step-by-step instructions on how to execute this build order below. Start the game timer, and the build order will tick by so you can play in parallel with StarCraft on a second screen or mobile device.

Game Time

  0:00

Last Step

  N/A

Next Step

  12  0:00  Drone  

Upcoming Step

  13  0:12  Overlord  

Don't want to look back and forth between 2 screens? Try out our Overwolf App, the Spawning Tool Build Advisor to get an in-game overlay with this build!

Complete Build Order

  12  0:00  Drone  
  13  0:12  Overlord  
  13  0:17  Drone  
  14  0:31  Drone x2  
  16  0:47  Hatchery  
  15  0:52  Drone  
  15  0:55  Drone  
  17  0:58  Drone  
  18  1:11  Spawning Pool  
  17  1:13  Extractor  
  17  1:16  Drone  
  17  1:20  Drone  
  18  1:28  Drone  
  19  1:44  Drone  
  20  1:56  Drone  
  20  1:59  Queen x2, Zergling x2  
  20  2:00  Overlord  
  26  2:11  Drone x2  
  26  2:13  Metabolic Boost  
  28  2:22  Zergling x2  
  29  2:23  Drone  
  30  2:33  Hatchery  
  29  2:42  Drone, Baneling Nest  
  29  2:44  Drone  
  29  2:50  Overlord  
  29  2:54  Drone x2  
  31  3:03  Zergling x2  
  32  3:08  Overlord  
  32  3:10  Drone, Zergling x6  
  36  3:14  Drone x2  
  36  3:17  Drone  
  39  3:20  Drone  
  39  3:23  Zergling x2  
  41  3:30  Baneling x2  
  41  3:31  Queen  
  43  3:38  Roach Warren  
  42  3:42  Drone x2  
  44  3:51  Drone x5  
  44  3:55  Drone  
  49  4:00  Overlord  
  49  4:01  Overlord  
  49  4:06  Drone  
  49  4:08  Extractor  
  48  4:10  Evolution Chamber  
  48  4:11  Zergling x2  
  48  4:12  Zergling x2  
  48  4:15  Zergling x2  
  49  4:19  Zergling x4  
  51  4:24  Zergling x8  
  51  4:27  Baneling x3  
  54  4:31  Zergling x6  
  54  4:36  Zergling x4  
  59  4:39  Roach  
  59  4:40  Spine Crawler x2  
  59  4:42  Roach  
  59  4:45  Roach  
  63  4:49  Roach x2  
  66  4:53  Roach  
  66  4:58  Roach  
  69  5:01  Roach  
  67  5:07  Zergling x10  
  67  5:12  Zergling x8  
  73  5:18  Zergling x2  
  71  5:24  Zergling x4  
  73  5:31  Roach  
  71  5:36  Zergling x6  
  71  5:40  Zergling x2  
  67  5:45  Zergling x4  
  69  5:51  Drone